[Event "Czech Extraliga 2023-24"]
[Site "Czech Republic"]
[Date "2024.02.10"]
[Round "7.1"]
[White "Ponomariov, Ruslan"]
[Black "Saric, Ivan"]
[Result "1/2-1/2"]
[ECO "E48"]
[WhiteElo "2647"]
[BlackElo "2689"]
[Annotator "TA"]
[PlyCount "66"]
[EventDate "2023.10.14"]
[EventCountry "CZE"]
[SourceTitle "playchess.com"]
[Source "ChessBase"]
[SourceQuality "1"]
[TimeControl "40/5400+30:1800+30"]

1. d4 Nf6 2. c4 e6 3. Nc3 Bb4 4. e3 O-O 5. Bd3 d5 6. cxd5 exd5 7. a3 Bd6 8. Qc2 c6 9. Nge2 Re8 10. Bd2 b6 11. b4 a5 12. bxa5 Rxa5 13. a4 Ba6 (13... Ra8 $15) 14. Bxa6 Rxa6 ({Much weaker is} 14... Nxa6 $6 15. Na2 $16) 15. O-O Nbd7 16. f3 c5 17. Rab1 Nf8 18. Kh1 Qa8 19. Qd3 Ne6 20. Be1 cxd4 21. exd4 Nf4 (21... Nc7 $14) 22. Nxf4 $16 Bxf4 {[%emt 0:00:03] [#]} 23. Bf2 (23. Bh4 $1 $16) 23... Qc8 24. Rfe1 Rxe1+ 25. Bxe1 h6 26. Bh4 Qc4 27. Qxc4 dxc4 28. Bxf6 {[%emt 0:02:59] The position is equal.} gxf6 $11 {[%emt 0:00:08] KRB-KRN} 29. Rb4 Bd2 {[%emt 0:00:07][%cal Ob6b5] [#] ...b5! is the strong threat.} 30. Rxc4 Bxc3 31. Rxc3 Rxa4 {[%emt 0:00:03] ( -> ...Ra1+)} 32. Kg1 Rxd4 33. Rc6 Kg7 {[%emt 0:21:47] Weighted Error Value: White=0.14 (very precise) /Black=0.14 (very precise) .  Mistake:       	White=1     	Black=2      Inaccurate:     	White=1     	Black=2      OK:         	White=5     	Black=12     Best:        	White=2     	Black=1} 1/2-1/2

[Event "Czech Extraliga 2023-24"]
[Site "Czech Republic"]
[Date "2024.02.10"]
[Round "7.1"]
[White "Neiksans, Arturs"]
[Black "Haring, Filip"]
[Result "0-1"]
[ECO "E05"]
[WhiteElo "2588"]
[BlackElo "2432"]
[Annotator "TA"]
[PlyCount "78"]
[EventDate "2023.10.14"]
[EventCountry "CZE"]
[SourceTitle "playchess.com"]
[Source "ChessBase"]
[SourceQuality "1"]
[TimeControl "40/5400+30:1800+30"]

1. Nf3 d5 2. g3 Nf6 3. Bg2 e6 4. O-O Be7 5. d4 O-O 6. c4 dxc4 7. Qc2 a6 8. a4 Bd7 9. Qxc4 Bc6 10. Nc3 {[%emt 0:01:33] [#]} b5 $1 11. Qb3 (11. axb5 $2 axb5 $19) (11. Qa2 b4) 11... b4 12. Nb1 Bd5 13. Qc2 {[%emt 0:00:25] Black has an edge.} c5 14. dxc5 {[%emt 0:11:21] [#]} (14. Be3 $15 {is more appropriate.}) 14... Nbd7 $1 $17 15. c6 {[%emt 0:09:33] [#]} Rc8 $1 16. Be3 (16. Nd4 $2 Ne5 17. Qd1 Bxg2 (17... Nxc6 18. Nxc6 Bxc6 19. Bxc6 $17) 18. Kxg2 Qd5+ (18... Nxc6 19. Nxc6 Rxc6 20. Nd2 $17) 19. Nf3 Qxc6 $19 (19... Nxc6 20. Bg5 $17)) (16. Qd1 $142 Bxc6 (16... Rxc6 17. Nbd2 $17) 17. a5) 16... Bxc6 17. Qd1 Bc5 18. Qd3 (18. Bxc5 $142 Nxc5 19. Nbd2) 18... Be4 19. Qxa6 (19. Qd2 $17) 19... Bxe3 $19 20. fxe3 Nc5 21. Qc4 Nd5 22. Nbd2 Nxe3 23. Qxb4 Nc2 24. Qc4 Bxf3 25. Nxf3 Nxa1 26. Rxa1 Qb6 {[%emt 0:00:09][%csl LRa4,LRb2] Hoping for ...Nb3+.} 27. Qb5 Qa7 {[%emt 0:06:08] ( -> ...Nd3+)} (27... Nxa4+ 28. Qxb6 Nxb6 29. Ne1 $19) 28. e3 Rb8 29. Qe2 Nb3 {[%emt 0:01:39] Dodges Nd4} ({Not} 29... Nxa4 30. Nd4 $15) 30. Ra3 Qc5 31. Bf1 Rfd8 32. Kg2 $2 (32. Ne1) 32... g6 33. Qf2 Rb4 34. h4 h6 35. Bb5 (35. e4 $142) 35... Qc1 36. Ne5 Rd2 37. Be2 Qc7 ({And not} 37... Qxb2 38. Qxf7+ Kh8 39. Nxg6#) 38. Ng4 Rxg4 ({Less strong is} 38... Rxb2 39. Nf6+ Kh8 40. Nd5 exd5 41. Qf6+ Kh7 42. Qxb2 $15) 39. Rxb3 {[%emt 0:00:04] [#]} Rxe2 $1 {[%emt 0:00:06][%mdl 512] Black took control after the opening.   Weighted Error Value: White=0.64/Black=0.10 (very precise) .  Mistake:       	White=6     	---        Inaccurate:     	White=3     	---        OK:         	White=8     	Black=14     Best:        	White=1     	Black=2      Strong:       	---       	Black=2} 0-1

[Event "Czech Extraliga 2023-24"]
[Site "Czech Republic"]
[Date "2024.02.10"]
[Round "7.1"]
[White "Warakomski, Tomasz"]
[Black "Korobov, Anton"]
[Result "1/2-1/2"]
[ECO "B90"]
[WhiteElo "2537"]
[BlackElo "2663"]
[Annotator "TA"]
[PlyCount "67"]
[EventDate "2023.10.14"]
[EventCountry "CZE"]
[SourceTitle "playchess.com"]
[Source "ChessBase"]
[SourceQuality "1"]
[TimeControl "40/5400+30:1800+30"]

1. e4 c5 2. Nf3 d6 3. d4 cxd4 4. Nxd4 Nf6 5. Nc3 a6 6. Bd3 g6 7. f3 {[%emt 0:00:42] is now debated instead of 7.0-0. B90: Sicilian Najdorf: Unusual White 6th moves, 6 Be3 Ng4 and 6 Be3 e5.} e5 8. Nde2 Be6 9. f4 $146 ({Predecessor:} 9. Bg5 Be7 10. Qd2 Nbd7 11. Ng3 b5 12. a3 Rc8 13. O-O h5 14. h4 Nh7 15. Bxe7 Qxe7 16. Bxb5 axb5 17. Nxb5 O-O 18. Nxd6 Rcd8 19. Rfd1 Nc5 20. Qe3 Rxd6 {0-1 Nasuta,G (2563)-Klimkowski,J (2531) Speed Chess Poland blitz 2024 (1.7)}) 9... Bg7 ({Better is} 9... exf4 $11 10. Nxf4 Nc6) 10. O-O (10. f5 $14 Bc8 11. Bg5) 10... Nc6 (10... exf4 $11 11. Nxf4 Nc6) 11. f5 $16 gxf5 12. exf5 Bd7 13. Bg5 Ne7 14. Be4 Qb6+ 15. Kh1 O-O-O (15... Qxb2 $2 16. Qxd6 O-O-O 17. Bxf6 $18 (17. Qxe7 Nxe4 18. Nxe4 Bc6 $18)) (15... Nxe4 $2 16. Nxe4 f6 (16... Nxf5 $2 17. Rxf5 O-O 18. Nf6+ Bxf6 19. Rxf6 $18) 17. Bxf6 (17. Nxd6+ Kf8 $18) 17... Bxf6 18. Nxf6+ Kd8 19. Nxd7 Kxd7 20. f6 $18) 16. Bxf6 Bxf6 17. Rf3 (17. Nd5 $14 Nxd5 18. Bxd5) 17... Bc6 $1 $11 18. Nd5 $1 Nxd5 (18... Qxb2 $2 19. Nxe7+ (19. Nxf6 d5 $18) (19. Rb3 Qxa1 20. Qxa1 Bxd5 $18) 19... Bxe7 20. Bxc6 $18 (20. Rb3 Qxa1 21. Qxa1 Bxe4 $14)) 19. Bxd5 e4 (19... Qxb2 20. Bxc6 (20. Rb3 Qxa1 21. Qxa1 Bxd5 $14) 20... e4 (20... bxc6 $2 21. Rb3 $18) 21. Rb1 exf3 22. Rxb2 fxe2 23. Bxb7+ Kd7 24. Qxe2 Bxb2 25. Qc4 $18 (25. Bxa6 Be5 $18) (25. Qxa6 Ke7 $18)) 20. Rb3 Qf2 21. Ng3 (21. Bxc6 $14 bxc6 22. Qd2) 21... Rhg8 $11 22. Bxf7 {[%emt 0:17:45] [#]} Rxg3 (22... e3 $1 $11 23. Qg1 Qxc2) 23. Be6+ Kb8 24. Rxg3 Be5 $1 25. Rb3 e3 $1 26. Qg1 Qxc2 27. Rxe3 Bd4 $1 28. Rae1 $1 Bxe3 29. Rxe3 Qxb2 30. Qf1 Bxg2+ 31. Qxg2 Qc1+ 32. Qg1 Qc6+ 33. Qg2 Qc1+ 34. Qg1 1/2-1/2

[Event "Czech Extraliga 2023-24"]
[Site "Czech Republic"]
[Date "2024.02.10"]
[Round "7.1"]
[White "Kantans, Toms"]
[Black "Pechac, Jergus"]
[Result "1/2-1/2"]
[ECO "C60"]
[WhiteElo "2475"]
[BlackElo "2575"]
[Annotator "RC"]
[PlyCount "46"]
[EventDate "2023.10.14"]
[EventCountry "CZE"]
[SourceTitle "playchess.com"]
[Source "ChessBase"]
[SourceQuality "1"]
[TimeControl "40/5400+30:1800+30"]

1. e4 e5 2. Nf3 Nc6 3. Bb5 Nge7 4. c3 d5 5. Nxe5 dxe4 6. d4 exd3 7. Qf3 Be6 8. Nxc6 Nxc6 9. Bxc6+ bxc6 10. Qxc6+ Bd7 11. Qf3 Bd6 12. O-O O-O 13. Bf4 Bc6 14. Qxc6 Bxf4 15. g3 Bh6 16. Na3 d2 17. Rad1 Qd3 18. Qc4 Qf3 19. Nb5 c5 20. Nd6 Rab8 21. b3 Rb6 22. Qxc5 Rc6 23. Qe5 Rxc3 1/2-1/2

[Event "Czech Extraliga 2023-24"]
[Site "Czech Republic"]
[Date "2024.02.10"]
[Round "7.2"]
[White "L'Ami, Erwin"]
[Black "Samunenkov, Ihor"]
[Result "1/2-1/2"]
[ECO "D37"]
[WhiteElo "2627"]
[BlackElo "2533"]
[Annotator "TA"]
[PlyCount "91"]
[EventDate "2023.10.14"]
[EventCountry "CZE"]
[SourceTitle "playchess.com"]
[Source "ChessBase"]
[SourceQuality "1"]
[TimeControl "40/5400+30:1800+30"]

1. d4 d5 2. c4 e6 3. Nf3 Nf6 4. Nc3 a6 5. cxd5 exd5 6. Bg5 Be6 7. e3 Nbd7 8. Bd3 {[%emt 0:00:12] White has an edge.} Bd6 9. O-O c6 10. Rc1 Qb8 11. Kh1 Bg4 12. h3 Bh5 13. g4 Bg6 14. Bxf6 (14. Nh4 $11) 14... Nxf6 $15 15. g5 Ng8 16. Nh4 Qc8 (16... Bxd3 {simplifies} 17. Qxd3 Ne7 18. Nf5 Nxf5 19. Qxf5 h6) 17. Kg2 Ne7 (17... Bxd3 {simplifies} 18. Qxd3 Qd8 19. f4 h6) 18. f4 Nf5 (18... Qe6 $17 19. Qe2 Bxd3 20. Qxd3 O-O-O) 19. Nxf5 $11 Bxf5 20. Bxf5 Qxf5 21. Qg4 Qd7 22. e4 Qxg4+ 23. hxg4 dxe4 24. Nxe4 O-O-O (24... Be7 $11) 25. d5 $16 {[%emt 0:19:41] White is more active.} Rhe8 26. Nxd6+ (26. Kf3 $16) 26... Rxd6 $11 27. dxc6 bxc6 $16 {[%emt 0:02:02][%mdl 4096] Endgame. KRR-KRR} 28. Rf2 Kb7 29. Rh1 h6 30. Rh5 hxg5 {[%emt 0:09:26] The position is equal.} 31. Rxg5 g6 32. Re5 Red8 33. Re7+ R8d7 34. Rfe2 Kc7 35. Kg3 Rd4 36. R7e4 c5 37. Rxd4 cxd4 $11 {[%emt 0:00:39] KR-KR} 38. Kf3 f5 39. gxf5 gxf5 40. Re5 d3 {[%emt 0:00:41] [#] ( -> ...d2)} 41. Re1 d2 42. Rd1 Rd4 43. Ke3 Re4+ 44. Kf3 Rd4 45. Ke3 Re4+ 46. Kf3 {[%emt 0:00:06] Weighted Error Value: White=0.11 (very precise) /Black=0.13 (very precise) .  Mistake:       	White=2     	Black=2      Inaccurate:     	White=4     	Black=1      OK:         	White=15    	Black=19     Best:        	White=1     	Black=2} 1/2-1/2

[Event "Czech Extraliga 2023-24"]
[Site "Czech Republic"]
[Date "2024.02.10"]
[Round "7.2"]
[White "Bernadskiy, Vitaliy"]
[Black "Baidetskyi, Valentin"]
[Result "1/2-1/2"]
[ECO "E94"]
[WhiteElo "2566"]
[BlackElo "2499"]
[Annotator "TA"]
[PlyCount "58"]
[EventDate "2023.10.14"]
[EventCountry "CZE"]
[SourceTitle "playchess.com"]
[Source "ChessBase"]
[SourceQuality "1"]
[TimeControl "40/5400+30:1800+30"]

1. d4 Nf6 2. c4 g6 3. Nc3 Bg7 4. e4 d6 5. Be2 O-O 6. Nf3 e5 7. O-O h6 8. Rb1 Nbd7 9. Qc2 a5 {[%emt 0:02:30] White is slightly better.} 10. Rd1 Re8 11. dxe5 dxe5 12. Nb5 {[%emt 0:00:04] White is much more active.} b6 {[%emt 0:03:50] [#]} 13. c5 $1 bxc5 14. Be3 Bb7 15. Nd2 {[%emt 0:00:06][%cal Ob5c3][%mdl 1024] White has compensation.} (15. Bxc5 $2 {loses.} Bxe4 (15... Nxe4 16. Be3 $14) 16. Qc1 Bxb1 17. Qxb1 c6 $19) 15... a4 16. f3 Bf8 17. b3 c6 {[%emt 0:00:20] [#] Hoping for ...axb3.} 18. Nc3 axb3 19. axb3 {[%emt 0:01:16] The position is equal.} Qc7 20. Na4 Nh5 21. g3 {[%emt 0:09:05][%cal Od2c4] Repels Nf4} Ng7 22. Bc4 ({Reject} 22. Nxc5 Nxc5 23. Bxc5 Bxc5+ 24. Qxc5 Ne6 $15) 22... Ne6 23. Bxe6 Rxe6 24. Nc4 Ba6 25. Rxd7 Qxd7 26. Nab6 {[%emt 0:00:24] A dynamic duo of knights.} Qb7 27. Nxa8 Bxc4 28. Qxc4 Qxa8 29. Rd1 Qa5 {[%emt 0:05:53] Weighted Error Value: White=0.08 (flawless) /Black=0.07 (flawless) .  Inaccurate:     	White=3     	Black=1      OK:         	White=10    	Black=10     Best:        	White=1     	---} 1/2-1/2

[Event "Czech Extraliga 2023-24"]
[Site "Czech Republic"]
[Date "2024.02.10"]
[Round "7.2"]
[White "Hracek, Zbynek"]
[Black "Vlasak, Lukas"]
[Result "1/2-1/2"]
[ECO "B30"]
[WhiteElo "2549"]
[BlackElo "2434"]
[Annotator "TA"]
[PlyCount "33"]
[EventDate "2023.10.14"]
[EventCountry "CZE"]
[SourceTitle "playchess.com"]
[Source "ChessBase"]
[SourceQuality "1"]
[TimeControl "40/5400+30:1800+30"]

1. e4 c5 2. Nf3 Nc6 3. Bb5 e5 4. O-O Bd6 5. d3 Nf6 6. Bg5 a6 7. Bc4 Be7 8. Nc3 d6 9. a3 Be6 10. Bxf6 Bxf6 11. Nd5 O-O 12. c3 g6 13. b4 b5 {[%emt 0:05:47] The position is equal.} 14. Bb3 Bg7 15. a4 Rc8 16. axb5 axb5 17. Ra6 {[%emt 0:42:01] An uneventful encounter.   Weighted Error Value: White=0.09 (flawless) /Black=0.10 (very precise) .  Inaccurate:     	White=1     	---        OK:         	White=4     	Black=2} 1/2-1/2

[Event "Czech Extraliga 2023-24"]
[Site "Czech Republic"]
[Date "2024.02.10"]
[Round "7.2"]
[White "LIN2 Stocek Jiri GM"]
[Black "NOV4 Navara David GM"]
[Result "0-1"]
[ECO "B94"]
[WhiteElo "2535"]
[BlackElo "2689"]
[Annotator "TA"]
[PlyCount "82"]
[EventDate "2023.10.14"]
[EventCountry "CZE"]
[SourceTitle "playchess.com"]
[Source "ChessBase"]
[SourceQuality "1"]
[TimeControl "40/5400+30:1800+30"]

1. e4 c5 2. Nf3 d6 3. d4 cxd4 4. Nxd4 Nf6 5. Nc3 a6 6. Bg5 Nbd7 7. Bc4 Qb6 {[%emt 0:00:37] B94: Sicilian Najdorf: 6 Bg5 Nbd7.} 8. Qd2 Qxb2 9. O-O Qb4 10. Bb3 e6 11. Rad1 Be7 12. Bxe6 fxe6 13. Nxe6 Kf7 14. Nc7 Rb8 $146 (14... Nb6 $1 $11 15. Rb1) ({Predecessor:} 14... Nb6 15. Rb1 Qc5 16. Nxa8 Nxa8 17. Bxf6 Bxf6 18. Nd5 Nc7 19. Nxf6 gxf6 20. Rb3 Rg8 {1-0 Najer,E (2674)-Bocharov,D (2530) RUS-chT 26th 2019 (5.4)}) 15. N7d5 $16 Qc5 16. Be3 $2 (16. Nxe7 $16 Kxe7 17. e5 dxe5 18. Ne4) 16... Qc6 $17 17. Nxe7 Kxe7 18. Bd4 Kf7 (18... Nxe4 $2 19. Rfe1 (19. Nxe4 Kd8 $18) 19... Ne5 20. Nxe4 $18) 19. f4 (19. Nd5 $142) 19... Re8 $17 (19... Nxe4 20. Nxe4 b6 (20... Qxe4 $2 21. Rfe1 $18) 21. Qe3 $18 (21. Ng5+ Kf8 $18)) 20. Rde1 (20. e5 $17 Nxe5 (20... dxe5 21. fxe5 Nxe5 22. Qf4 $17) 21. fxe5 dxe5 22. Ba7) 20... Nxe4 $2 (20... b5 $1 $19 {[%cal Rb5b4] White must now prevent ...b4.} 21. e5 b4) 21. Nxe4 $11 Rxe4 22. Rxe4 Qxe4 23. Re1 Qd5 24. c4 $1 Qxc4 25. Qe3 (25. Ba7 $5 Ra8 26. Qxd6 $19) 25... Kg8 (25... Qxa2 26. Qe8#) 26. Bb2 (26. Bxg7 $1 $15 Kxg7 27. Qe7+ Qf7 28. Qd8) 26... Qc5 $17 (26... Qxa2 $2 27. Qe7 Qf7 (27... Qxb2 28. Qe6+ Kh8 29. Qe8+) 28. Qd8+ Nf8 29. Re7 $18) 27. Bd4 Qd5 28. Bb2 b5 $2 (28... Qxa2 $2 29. Qe7 Qf7 (29... Qxb2 30. Qe6+ Kh8 31. Qe8+) 30. Qd8+ Nf8 31. Re7 $18) (28... Qf7 $1 $17 {[%cal Ob7b5] Strongly threatening ...b5!} 29. Qd4 b5 (29... Qxa2 30. Qxg7#) 30. Qxd6 Rb6 (30... Qxa2 31. Re8+ Kf7 32. Qe7+ Kg6 33. Qxg7+ Kh5 34. Qg5#)) 29. Qg3 $4 (29. Qe7 $1 $18 {[%csl Gb2][%cal Re7g7] is the narrow road to win.} Qf7 (29... Qxa2 30. Qxg7#) 30. Qd8+ Nf8 31. Re7 Qxe7 (31... Qxa2 32. Rxg7+ Kh8 33. Qxf8+) (31... Be6 $2 32. Rxf7 Kxf7 33. Qxb8 $18) 32. Qxe7) 29... Qf7 (29... Qxa2 30. Qxg7#) 30. Re8+ Nf8 $1 31. f5 Rb7 $1 (31... Qxe8 32. Qxg7#) (31... Bxf5 $2 32. Rxb8 Qe7 33. h3 $18) 32. Rxc8 Qxf5 ({But not} 32... Qxa2 33. Qf2 Rf7 34. f6 $17) 33. Rc1 Rf7 34. h3 h6 35. a3 Ng6 36. Kh2 Nf4 37. Rc6 (37. Re1 $142) 37... a5 $2 (37... Ne2 $1 $19 38. Qe3 Re7) 38. Rxd6 $15 Kh7 39. Rd8 {[%emt 0:00:57] [#]} (39. Qf3 $15) 39... Qc2 $1 $19 40. Be5 $2 {[%emt 0:00:38] [#]} (40. Bc3 {was necessary.}) 40... Nxg2 $1 $19 41. Kg1 $2 (41. Qxg2 $2 {is the wrong capture.} Rf2 $19) (41. Qd3+ Qxd3 42. Rxd3) 41... Qb1+ (41... Qc1+ $142 42. Kxg2 Qf1+ 43. Kh2 Rf2+ 44. Qxf2 Qxf2+ 45. Kh1 Qe1+ 46. Kg2 Qe2+ (46... Qxe5 $2 47. h4 $19) 47. Kh1 Qe4+ (47... Qxe5 $2 48. Rf8 $19) 48. Kg1 Qxe5) 0-1

[Event "Czech Extraliga 2023-24"]
[Site "Czech Republic"]
[Date "2024.02.10"]
[Round "7.2"]
[White "Cernousek, Lukas"]
[Black "Sahidi, Samir"]
[Result "1-0"]
[ECO "C46"]
[WhiteElo "2447"]
[BlackElo "2478"]
[Annotator "TA"]
[PlyCount "111"]
[EventDate "2023.10.14"]
[EventCountry "CZE"]
[SourceTitle "playchess.com"]
[Source "ChessBase"]
[SourceQuality "1"]
[TimeControl "40/5400+30:1800+30"]

1. e4 e5 2. Nf3 Nc6 3. Nc3 Bb4 4. Nd5 Nf6 5. Nxb4 Nxb4 6. d4 Nxe4 7. a3 Nc6 8. dxe5 {[%emt 0:01:11] The position is equal.} d5 9. exd6 Nxd6 10. Qe2+ Be6 11. Ng5 Nd4 12. Qd3 (12. Nxe6 {simplifies} Nxe6 13. Be3 Qf6 14. O-O-O) 12... Qf6 13. Nxe6 Qxe6+ 14. Be2 N6f5 15. c3 Nb3 {[%emt 0:11:13] Excellent horsemanship.} (15... Qxe2+ {simplifies} 16. Qxe2+ Nxe2 17. Kxe2 O-O-O) 16. Rb1 O-O 17. O-O Rad8 18. Qc4 Qxc4 19. Bxc4 Nd2 20. Bxd2 Rxd2 21. Rfd1 Rfd8 22. Be2 g5 23. Kf1 Kg7 24. Ke1 R2d6 25. Rxd6 Nxd6 $11 {[%emt 0:00:50][%mdl 4096] Endgame. KRB-KRN} 26. Rd1 Re8 27. Rd4 f5 28. Kd1 Kf6 29. Bd3 f4 30. c4 (30. Bxh7 Rh8 31. Bd3 Rxh2 $17) 30... h6 (30... Ke5 $5 31. Rd5+ $8 Kf6 $11) 31. c5 Nf7 (31... Ke5 32. Ra4 b5 33. Rxa7 $18) 32. Ra4 Ra8 33. Be4 c6 34. Kc2 Re8 35. f3 Re5 36. Rxa7 {[%emt 0:00:42] [#] Strongly threatening b4.} Rxc5+ 37. Kd2 Nd6 38. b4 Re5 39. Kd3 Re8 40. a4 Rd8 41. Kc3 h5 {[%emt 0:04:40] Hoping for ...Nxe4+.} 42. Bd3 Re8 43. a5 Re1 44. a6 bxa6 45. Rxa6 Rg1 46. b5 ({Of course not} 46. Rxc6 $6 Ke7 $11) 46... Rc1+ $2 {[%emt 0:07:19][%mdl 8192] [#] This costs Black the game.} (46... Nxb5+ $16 {is a better defense.} 47. Bxb5 Rxg2) 47. Kd4 $18 Nf5+ (47... Ke7 $142 48. Rxc6 Ra1 49. Rc7+ Ke6) 48. Bxf5 Kxf5 49. bxc6 {[%emt 0:09:37] KR-KR} (49. Rxc6 Rg1 50. b6) 49... Ke6 50. c7+ Kd7 (50... Kf7 $142) 51. Rg6 g4 (51... Kxc7 52. Rxg5 Rb1) 52. fxg4 hxg4 53. Rxg4 Rf1 54. Ke4 f3 55. Rg7+ (55. gxf3 Kxc7 56. f4 Kd8 $18) 55... Kc8 56. gxf3 {[%emt 0:00:09] Weighted Error Value: White=0.11 (very precise) /Black=0.34.  Loses game:     	---       	Black=1      Mistake:       	White=1     	Black=3      Inaccurate:     	White=2     	Black=1      OK:         	White=19    	Black=16     Best:        	White=8     	Black=2} 1-0

[Event "Czech Extraliga 2023-24"]
[Site "Czech Republic"]
[Date "2024.02.10"]
[Round "7.3"]
[White "NOV5 Nguyen Thai Dai Van GM"]
[Black "LIN3 Mihok Oliver GM"]
[Result "1/2-1/2"]
[ECO "C42"]
[WhiteElo "2618"]
[BlackElo "2555"]
[Annotator "TA"]
[PlyCount "81"]
[EventDate "2023.10.14"]
[EventCountry "CZE"]
[SourceTitle "playchess.com"]
[Source "ChessBase"]
[SourceQuality "1"]
[TimeControl "40/5400+30:1800+30"]

1. e4 e5 2. Nf3 Nf6 3. Nxe5 Nxe4 4. Qe2 Qe7 5. Qxe4 d6 6. d4 dxe5 7. dxe5 Nc6 8. Nc3 Qxe5 9. Qxe5+ Nxe5 {[%emt 0:00:07] White is slightly better.} 10. Nb5 Bb4+ 11. Bd2 Bxd2+ 12. Kxd2 {[%emt 0:00:02][%cal Oa1e1] [#] Hoping for Re1!} Kd8 13. Re1 Nd7 14. h4 Nc5 15. Bc4 Be6 {[%emt 0:12:47] The position is equal.} 16. Bxe6 Nxe6 17. Rh3 a6 18. Rd3+ Kc8 19. Nd4 Nxd4 20. Rxd4 $11 {[%emt 0:00:01][%mdl 4096] [#] Endgame. Strongly threatening Re7. KRR-KRR} Rd8 21. Ree4 a5 22. Ke3 {[%emt 0:14:57] With the idea Re7.} Rxd4 23. Rxd4 {[%emt 0:00:11] KR-KR} ({Much less strong is} 23. Kxd4 Kd7 $16) 23... Ra6 24. g4 Re6+ 25. Kf3 c6 26. Rf4 Re7 27. Rf5 b6 28. h5 h6 29. Rf4 Kd7 30. Rd4+ Kc7 31. Re4 Kd6 32. Rd4+ Kc7 33. Rf4 Kd6 34. a3 Kd5 35. Rf5+ Kd4 36. Rf4+ Kd5 37. c3 Kd6 38. Rd4+ Kc7 39. a4 Re5 40. Rf4 Re7 41. Rd4 {[%emt 0:17:21] Weighted Error Value: White=0.02 (flawless) /Black=0.02 (flawless) .  Inaccurate:     	White=1     	---        OK:         	White=12    	Black=16     Best:        	---       	Black=4} 1/2-1/2

[Event "Czech Extraliga 2023-24"]
[Site "Czech Republic"]
[Date "2024.02.10"]
[Round "7.3"]
[White "Plat, Vojtech"]
[Black "Heberla, Bartlomiej"]
[Result "1/2-1/2"]
[ECO "C78"]
[WhiteElo "2516"]
[BlackElo "2546"]
[Annotator "TA"]
[PlyCount "25"]
[EventDate "2023.10.14"]
[EventCountry "CZE"]
[SourceTitle "playchess.com"]
[Source "ChessBase"]
[SourceQuality "1"]
[TimeControl "40/5400+30:1800+30"]

1. e4 e5 2. Nf3 Nc6 3. Bb5 a6 4. Ba4 Nf6 5. O-O Bc5 6. d3 b5 7. Bb3 d6 8. c3 h6 {[%emt 0:02:29] The position is equal.} 9. d4 Bb6 10. dxe5 Nxe5 11. Nxe5 dxe5 12. Qxd8+ Kxd8 13. Nd2 {[%emt 0:00:25] Not much happened in this game.   Weighted Error Value: White=0.00 (flawless) /Black=0.00 (flawless) .  OK:         	White=3     	Black=1} 1/2-1/2

[Event "Czech Extraliga 2023-24"]
[Site "Czech Republic"]
[Date "2024.02.10"]
[Round "7.3"]
[White "Sulypa, Oleksandr"]
[Black "Bernasek, Jan"]
[Result "0-1"]
[ECO "E32"]
[WhiteElo "2458"]
[BlackElo "2524"]
[Annotator "TA"]
[PlyCount "80"]
[EventDate "2023.10.14"]
[EventCountry "CZE"]
[SourceTitle "playchess.com"]
[Source "ChessBase"]
[SourceQuality "1"]
[TimeControl "40/5400+30:1800+30"]

1. d4 Nf6 2. c4 e6 3. Nc3 Bb4 4. Qc2 O-O 5. e4 d6 6. a3 Bxc3+ 7. bxc3 e5 8. Bd3 Re8 {[%emt 0:18:17] The position is equal.} 9. Ne2 Qe7 10. f3 Nbd7 11. a4 a5 12. Bg5 Nf8 13. h4 h6 14. Be3 exd4 15. cxd4 d5 16. cxd5 Nxd5 17. Bd2 (17. Kf2 {is interesting.} b6 18. Qc6 Nb4 19. Qc3) 17... Nb4 18. Bxb4 axb4 19. O-O c6 20. Qd2 Rd8 21. Rfd1 Be6 22. a5 Ra7 23. Qe3 {[%emt 0:01:21] [#]} (23. Rdb1 $11) 23... Rda8 $1 $17 {[%emt 0:00:50] Black converts the advantage convincingly.} 24. f4 (24. a6 $17) 24... Rxa5 $19 25. Rxa5 Rxa5 26. Qg3 (26. Qf2 $142) 26... Ra3 27. Qf2 Bg4 28. e5 Qe6 {[%emt 0:03:50] aiming for ...Qa2.} 29. f5 Qa2 {[%emt 0:00:06][%cal Oa3d3] Threatens to win with ...Rxd3!} 30. e6 $2 (30. Qe1 {was worth a try.}) 30... fxe6 31. fxe6 Nxe6 32. Bg6 (32. Rf1 {was the only defense.} Rxd3 33. Qf7+ Kh8 (33... Kh7 $2 34. Nf4 $19) 34. Nf4) 32... Nf8 33. h5 Nxg6 34. hxg6 Bxe2 ({Not} 34... Qxe2 35. Qf7+ Kh8 36. Qf8#) 35. Re1 {[%emt 0:01:40] [#]} Qe6 $1 36. Qxe2 Qxg6 37. Qc4+ Kh7 38. Qxb4 Ra2 {[%emt 0:00:12][%csl Ga2][%cal Rg6g2] Black mates.} 39. Qb1 Rxg2+ 40. Kh1 Rc2 {[%emt 0:00:10] Weighted Error Value: White=0.73/Black=0.14 (very precise) .  Mistake:       	White=5     	---        Inaccurate:     	White=3     	Black=2      OK:         	White=8     	Black=10     Best:        	White=1     	Black=1      Strong:       	---       	Black=1} 0-1